 Dungeon Crawl Stone Soup version 0.27.1-34-g3ba077fa99 (webtiles) character file.

Game seed: 6884406179290926181

53 cbfl8 the Chopper (level 3, -6/34 HPs)
             Began as a Minotaur Monk on Jan 18, 2022.
             Mangled by an orc (7 damage)
             ... on level 2 of the Dungeon.
             The game lasted 00:02:53 (1950 turns).

cbfl8 the Chopper (Minotaur Monk)                   Turns: 1950, Time: 00:02:54

Health: -6/34      AC:  5    Str: 15    XL:     3   Next: 62%
Magic:  2/2        EV: 11    Int:  8    God:
Gold:   83         SH:  0    Dex: 12    Spells: 2/2 levels left

rFire    . . .     SeeInvis .   a - +0 hand axe
rCold    . . .     Faith    .   (no shield)
rNeg     . . .     Spirit   .   e - +0 ring mail
rPois    .         Reflect  .   (helmet restricted)
rElec    .         Harm     .   (no cloak)
rCorr    .         Rampage  .   (no gloves)
Will     .....                  (no boots)
Stlth    +.........             (no amulet)
HPRegen  0.11/turn              (no ring)
MPRegen  0.08/turn              (no ring)

@: no status effects
A: horns 2, retaliatory headbutt
a: no special abilities


You were on level 2 of the Dungeon.
You visited 1 branch of the dungeon, and saw 2 of its levels.

You collected 83 gold pieces.

Inventory:

Hand Weapons
 a - a +0 hand axe (weapon)
Missiles
 k - 6 silver boomerangs (quivered)
Armour
 b - a +0 robe
 e - a +0 ring mail (worn)
Magical Staves
 n - a staff of conjuration
Jewellery
 h - a ring of ice
Scrolls
 c - a scroll of torment {unknown}
 f - a scroll of brand weapon {unknown}
 g - 2 scrolls of magic mapping {unknown}
 i - 2 scrolls of identify {unknown}
 l - a scroll of teleportation {unknown}
Potions
 d - 2 potions of curing {unknown}
 j - a potion of brilliance {unknown}
 m - a potion of resistance {unknown}


   Skills:
 + Level 4.4 Fighting
 + Level 4.5 Axes
 + Level 0.9 Armour
 + Level 3.6 Dodging
 + Level 1.5 Stealth


You had 2 spell levels left.
You didn't know any spells.
Your spell library contained the following spells:

 Spells                   Type           Power      Damage    Failure   Level
 Freezing Cloud           Conj/Ice/Air   0%         6-21      100%        5
 Simulacrum               Ice/Necr       0%         N/A       100%        6
 Polar Vortex             Ice            0%         N/A       100%        9


Dungeon Overview and Level Annotations

Branches:
Dungeon (2/15)

Altars:
Qazlal

Shops:
D:1 !


Innate Abilities, Weirdness & Mutations

You have a pair of horns on your head.
You reflexively headbutt those who attack you in melee.


Message History

n - a staff of conjuration An orc comes into view.
It is wielding a +0 flail.
An orc priest comes into view. It is wielding a +0 hand axe.
The orc shouts!
The orc priest shouts!
You hear a shout! x2
An orc comes into view. It is wielding a +0 trident.
An orc comes into view. It is wielding a +0 mace.
The orc priest moves out of view.
The orc closely misses you.
An orc priest comes into view. It is wielding a +1 dagger of draining.
You hit the orc but do no damage. The orc closely misses you. x2
You furiously retaliate!
You headbutt the orc.
The orc hits you from afar with a +0 trident.
The orc hits you with a +0 flail.
You hit the orc.
You kill the orc!
The orc closely misses you.
The orc priest mumbles some strange prayers to Beogh against you.
Beogh smites you! The orc closely misses you.
The orc priest looks satisfied for a moment.
Things that are here:
a +0 flail; 5 boomerangs; a +0 leather armour You hit the orc priest.
Your headbutt misses the orc priest.
The orc priest is lightly wounded.
You barely miss the orc. The orc hits you with a +0 trident.
The orc priest closely misses you.
You slash the orc priest!
The orc priest is heavily wounded.
You hit the orc.
The orc priest mumbles some strange prayers to Beogh against you.
Beogh smites you!
* * * LOW HITPOINT WARNING * * *
The orc hits you but does no damage.
The orc priest hits you with a +0 hand axe.
* * * LOW HITPOINT WARNING * * *
Unknown command.
You hit the orc priest but do no damage.
The orc priest is heavily wounded.
You closely miss the orc. The orc hits you with a +0 trident!
You die...

.......##.........# #...........#
..[###.##..######.# #<.)........#
...#....#..# #.####.##.......#
##.##......######.......#.......+
.#.###..#.##....#######.#.......#
.#.###..#.##.... #..............
........#.##...o #......####.##.
.#.....<#.##...o###......## #.##.
.#####..#.....oo@.........###.##.
.# #..#############+#.......##.
.#####..# #.###.###.##. ........#
#............ .#####.##
######.##.##. ....(..#
###......[... ########
#..........##. . #.##.###.#.##. #
#.##.###†..##.


You could see 2 orc priests and 2 orcs.

Vanquished Creatures
  An adder (D:2)
  3 dart slugs
  An orc (D:2)
  3 bats
  An endoplasm (D:1)
  2 hobgoblins (D:2)
  6 kobolds
  2 quokkas (D:1)
  A ball python (D:1)
  3 frilled lizards
  7 goblins
  6 rats
36 creatures vanquished.

Vanquished Creatures (others)
  A goblin (D:1)
  A hobgoblin (D:1)
2 creatures vanquished.

Grand Total: 38 creatures vanquished

Notes
Turn   | Place    | Note
-------+----------+-------------------------------------------
     0 | D:1      | cbfl8 the Minotaur Monk began the quest for the Orb.
     0 | D:1      | Reached XP level 1. HP: 19/19 MP: 0/0
    43 | D:1      | Found Fesax's Distillery.
   116 | D:1      | Found a faded altar of an unknown god.
   347 | D:1      | Reached XP level 2. HP: 17/27 MP: 1/1
  1338 | D:2      | Reached XP level 3. HP: 33/33 MP: 2/2
  1879 | D:2      | Found a stormy altar of Qazlal.
  1949 | D:2      | HP: 1/34 [orc priest (1)]
  1950 | D:2      | Mangled by an orc

Illustrated notes

Levels and vault maps discovered:
D:1:      lightli_arrival_quake, layout_loops_ring,
          shapermc_ecumenical_altar_pompeii, serial_shops, shop,
          lemuel_old_faithful
D:2:      layout_basic, basic_altar

Skill      XL: |  1  2 |
---------------+-------+-----
Fighting       | 4 |  4.4
Axes           | 4 |  4.5
Armour         | |  0.9
Dodging        | |  3.6
Stealth        | |  1.5

Action                   || total
-------------------------++-------
Melee: Hand axe          ||    89
       Headbutt          ||     9
Armor: Ring mail         ||    29
Dodge: Dodged            ||    50
